 Dungeon Crawl Stone Soup version 0.19.0-11-g3fc08b3 (webtiles) character file.

7434 tv1990 the Unseen (level 11, -3/61 HPs)
             Began as a Formicid Enchanter on Nov 7, 2016.
             Was a Priest of Hepliaklqana.
             Hit by a large rock thrown by a cyclops (25 damage)
             ... on level 10 of the Dungeon on Nov 8, 2016.
             The game lasted 00:54:29 (11895 turns).

tv1990 the Unseen (Formicid Enchanter)             Turns: 11895, Time: 00:54:30

Health: -3/61      AC: 11    Str: 13    XL:     11   Next: 37%
Magic:  0/23       EV: 12    Int: 15    God:    Hepliaklqana [***...]
Gold:   278        SH:  4    Dex: 14    Spells: 4 memorised, 5 levels left

rFire  . . .     SeeInvis +     p - +4 dagger (venom)
rCold  . . .     Gourm    .     b - +1 robe
rNeg   . . .     Faith    .     u - +0 buckler
rPois  .         Spirit   +     (helmet unavailable)
rElec  .         Reflect  .     (no cloak)
rCorr  .         Harm     .     j - +0 pair of gloves
MR     +....                    o - +0 pair of boots
Stlth  ++++++....               K - amulet of guardian spirit
                                v - +6 ring of protection
                                s - ring of magical power

@: no status effects
A: permanent stasis, dig shafts and tunnels, four strong arms, reduced essence,
antennae 3
a: Dig, Shaft Self, Recall Ancestor, Ancestor Identity, Transference, Renounce
Religion


You were on level 10 of the Dungeon.
You worshipped Hepliaklqana.
Hepliaklqana was most pleased with you.
You were not hungry.

You visited 2 branches of the dungeon, and saw 11 of its levels.
You also visited: Sewer.

You collected 462 gold pieces.
You spent 184 gold pieces at shops.

Inventory:

Hand Weapons
 a - a +2 dagger
 p - a +4 dagger of venom (weapon)
 J - a +0 dagger of draining
Armour
 b - a +1 robe (worn)
 j - a +0 pair of gloves (worn)
 o - a +0 pair of boots (worn)
 u - a +0 buckler (worn)
 O - a cursed +0 robe
Jewellery
 f - an uncursed ring of wizardry
 q - an uncursed ring of flight
 s - a ring of magical power (left hand)
 v - a +6 ring of protection (right hand)
 C - a +3 ring of strength {unknown}
 G - an uncursed ring of see invisible
 K - an amulet of guardian spirit (around neck)
Wands
 I - a wand of iceblast (0/15)
 N - a wand of heal wounds (3/9)
Scrolls
 e - 5 scrolls of remove curse
 m - a scroll of immolation {unknown}
 r - a scroll of enchant weapon
 w - a scroll of teleportation
 y - 3 scrolls of recharging
 D - 5 scrolls of fog {unknown}
 E - a scroll of blinking {unknown}
 H - a scroll of noise
 L - 3 scrolls of enchant armour {unknown}
 M - a scroll of magic mapping
 P - a scroll of identify
Potions
 g - 4 potions of magic
 h - 3 potions of agility
 l - 2 potions of brilliance
 t - 4 potions of mutation
 x - 4 potions of curing
 z - 2 potions of flight
 A - 2 potions of heal wounds
 B - 3 potions of might {unknown}
Books
 c - a book of Maledictions

   Spells                             Type                      Level
   a - Corona                         Hexes                        1
   b - Ensorcelled Hibernation        Hexes/Ice                    2
   c - Confuse                        Hexes                        3
   d - Tukima's Dance                 Hexes                        3
   e - Dazzling Spray                 Conjuration/Hexes            3
Comestibles
 d - 10 bread rations
 i - 8 beef jerkies
 k - 3 chunks of flesh
 n - 3 meat rations
 F - a slice of pizza


   Skills:
 + Level 9.4 Short Blades
 - Level 1.7 Dodging
 * Level 17.0 Stealth
 - Level 2.4 Shields
 - Level 2.1 Spellcasting
 - Level 3.6 Hexes


You had 5 spell levels left.
You knew the following spells:

 Your Spells              Type           Power        Failure   Level  Hunger
a - Corona                Hex            ##.....      6%          1    #......
b - Ensorcelled Hibernat  Hex/Ice        #.....       17%         2    ###....
c - Confuse               Hex            ##......     17%         3    ###....
d - Dazzling Spray        Conj/Hex       #.....       34%         3    ###....


Dungeon Overview and Level Annotations

Branches:
Dungeon (10/15)            Temple (1/1) D:5            Lair (0/6) D:10
    Orc: D:9-12

Altars:
Ashenzari
Elyvilon
Fedhas
Gozag
Hepliaklqana
Kikubaaqudgha
Makhleb
Okawaru
Ru
Sif Muna
Trog
Yredelemnul
Zin

Shops:
D:4 %   D:6 (


Innate Abilities, Weirdness & Mutations

You are under a permanent stasis effect.
You can dig through walls and to a lower floor.
Your four strong arms can wield two-handed weapons with a shield.
You have a pair of large antennae on your head. (SInv)
Your life essence is reduced. (-10% HP)


Message History

The cyclops resists with almost no effort.
The cyclops throws a large rock.
The large rock misses you.
Casting: Ensorcelled Hibernation
Confirm with . or Enter, or press ? or * to list all spells.
Aiming: Ensorcelled Hibernation
Press: ? - help, Shift-Dir - straight line, f/p - cyclops
Aim: a cyclops (chance to defeat MR: 23%)
The cyclops resists with almost no effort.
Casting: Ensorcelled Hibernation
Confirm with . or Enter, or press ? or * to list all spells.
Aiming: Ensorcelled Hibernation
Press: ? - help, Shift-Dir - straight line, f/p - cyclops
Aim: a cyclops (chance to defeat MR: 23%)
The cyclops resists with almost no effort.
The cyclops throws a large rock.
The large rock hits you!!
* * * LOW HITPOINT WARNING * * *
You swap places.
The cyclops throws a large rock.
The large rock barely misses Destrower.
The large rock hits you!!
You die...

.....# .....# .....#
...).# .##### ...
###+###
......######+#######
......##...#...#@R.#
......####.#R#R#.#C#
.........R.#.#...#C#
......#..###.#####.#
......##.[.........#
......########+#####
.....)# ####'##
##...#


You could see the friendly Destrower the hexer and a cyclops.

Vanquished Creatures
  Prince Ribbit (D:5)
  A two-headed ogre (D:8)
  The ghost of Krapule the Insei, an amateur OpTm (D:3)
  A hippogriff (D:9)
  A wyvern (D:9)
  3 yaks (D:10)
  3 orc warriors
  2 ice beasts
  5 ogres
  4 centaurs
  A crocodile (D:10)
  5 bullfrogs
  A wyvern skeleton (D:6)
  A scorpion (D:8)
  3 killer bees (D:7)
  A wight (D:6)
  3 electric eels
  2 crimson imps
  A howler monkey (D:4)
  2 bullfrog zombies
  A centaur skeleton (D:4)
  5 hounds
  A quasit (D:10)
  A gnoll shaman (D:9)
  3 jellies
  5 orc wizards
  A bullfrog skeleton (D:9)
  2 iguanas (D:10)
  6 worker ants
  A hound skeleton (D:10)
  A gnoll (D:9)
  20 adders
  A river rat (Sewer)
  5 shadow imps
  An ooze (D:2)
  An adder skeleton (D:9)
  5 worms
  5 dart slugs
  4 leopard geckos
  25 orcs
  11 giant cockroaches
  9 goblins
  8 hobgoblins
  5 jackals
  9 kobolds
  11 quokkas
  7 ball pythons (Sewer)
  6 bats
  5 frilled lizards
  A leopard gecko skeleton (D:8)
  2 quokka skeletons
  14 rats
224 creatures vanquished.

Vanquished Creatures (collateral kills)
  A hill giant (D:10)
  An elephant (D:10)
  A two-headed ogre (D:9)
  A wyvern (D:5)
  2 yaks (D:10)
  2 hungry ghosts
  An ice beast (D:8)
  A sky beast (D:6)
  An ogre (D:9)
  A black bear (D:9)
  A bullfrog (D:9)
  2 scorpions
  A killer bee (D:7)
  3 wights (D:6)
  5 electric eels
  A crimson imp (D:7)
  A bullfrog zombie (D:10)
  2 bullfrog skeletons
  3 orc wizards
  2 gnolls (D:9)
  8 adders
  2 shadow imps
  A worm (D:5)
  A leopard gecko (D:5)
  2 orcs (D:5)
  2 ball pythons (Sewer)
  19 rats
68 creatures vanquished.

Vanquished Creatures (others)
  5 hexers
  4 ancestors
9 creatures vanquished.

Grand Total: 301 creatures vanquished

Notes
Turn   | Place    | Note
-------+----------+-------------------------------------------
     0 | D:1      | tv1990 the Formicid Enchanter began the quest for the Orb.
     0 | D:1      | Reached XP level 1. HP: 13/13 MP: 3/3
   296 | D:1      | Reached skill level 4 in Stealth
   310 | D:1      | Reached XP level 2. HP: 15/19 MP: 5/5
   412 | D:1      | Learned a level 2 spell: Ensorcelled Hibernation
   549 | D:1      | Reached XP level 3. HP: 21/24 MP: 6/6
   967 | D:2      | Reached skill level 5 in Stealth
   998 | D:2      | Learned a level 3 spell: Confuse
  1013 | D:2      | Reached XP level 4. HP: 15/30 MP: 7/7
  2061 | D:3      | Reached XP level 5. HP: 35/35 MP: 8/8
  2096 | D:3      | Noticed Krapule's ghost (amateur OpTm)
  2110 | D:3      | Reached skill level 6 in Stealth
  2889 | D:3      | Killed Krapule's ghost
  2889 | D:3      | Reached skill level 7 in Stealth
  2889 | D:3      | Reached XP level 6. HP: 33/41 MP: 3/9
  3414 | D:3      | Upgraded the game from 0.19.0-9-gfd783f2 to 0.19.0-11-g3fc08b3
  3514 | D:4      | Found Gaujaut's Food Shop.
  3546 | D:4      | Reached skill level 8 in Stealth
  3546 | D:4      | Reached skill level 1 in Shields
  3546 | D:4      | Reached XP level 7. HP: 36/46 MP: 8/10
  4598 | D:5      | Entered Level 5 of the Dungeon
  4608 | D:5      | Gained mutation: You are clumsy. (Dex -2) [potion of mutation]
  4608 | D:5      | Gained mutation: Scrolls take you a little longer to read. [potion of mutation]
  4608 | D:5      | Gained mutation: Your flesh is cold resistant. (rC+) [potion of mutation]
  4609 | D:5      | Lost mutation: Your flesh is cold resistant. (rC+) [potion of cure mutation]
  4609 | D:5      | Lost mutation: You are clumsy. (Dex -2) [potion of cure mutation]
  4609 | D:5      | Lost mutation: Scrolls take you a little longer to read. [potion of cure mutation]
  4678 | D:5      | Found a staircase to the Ecumenical Temple.
  4683 | Temple   | Entered the Ecumenical Temple
  4707 | Temple   | Became a worshipper of Hepliaklqana the Forgotten
  4927 | D:5      | Reached skill level 9 in Stealth
  5159 | D:5      | Found a glowing drain.
  5178 | Sewer    | Entered a sewer
  5271 | Sewer    | Reached XP level 8. HP: 45/46 MP: 11/11
  5510 | Sewer    | Reached skill level 10 in Stealth
  5908 | D:5      | Reached skill level 5 in Short Blades
  5972 | D:5      | Noticed Prince Ribbit
  5980 | D:5      | Killed Prince Ribbit
  5980 | D:5      | Reached skill level 11 in Stealth
  5991 | D:5      | Noticed a wyvern
  6002 | D:5      | Killed a wyvern
  6002 | D:5      | Reached XP level 9. HP: 12/51 MP: 0/12
  6373 | D:6      | Found Gul Vaov's Antique Weapon Emporium.
  6418 | D:6      | Reached * piety under Hepliaklqana
  6520 | D:6      | Bought a runed dagger for 184 gold pieces
  6792 | D:6      | Learned a level 3 spell: Dazzling Spray
  6813 | D:6      | Reached skill level 12 in Stealth
  6945 | D:6      | Identified the Handbook of the Entourage and the Blaze
  7242 | D:6      | Reached skill level 13 in Stealth
  8062 | D:7      | Reached XP level 10. HP: 50/56 MP: 13/13
  8402 | D:7      | Reached skill level 14 in Stealth
  9076 | D:8      | Reached ** piety under Hepliaklqana
  9077 | D:8      | Remembered your ancestor Destrower as a hexer
  9975 | D:9      | Reached skill level 15 in Stealth
 10825 | D:9      | Reached *** piety under Hepliaklqana
 11336 | D:9      | Reached XP level 11. HP: 61/61 MP: 14/14
 11388 | D:10     | Entered Level 10 of the Dungeon
 11437 | D:10     | Reached skill level 16 in Stealth
 11481 | D:10     | Noticed an elephant
 11482 | D:10     | Found a staircase to the Lair.
 11501 | D:10     | Killed an elephant
 11670 | D:10     | Noticed a hill giant
 11716 | D:10     | Killed a hill giant
 11716 | D:10     | Reached skill level 17 in Stealth
 11889 | D:10     | Noticed a cyclops
 11895 | D:10     | Hit by a large rock thrown by a cyclops

Skill      XL: |  1  2  3  4  5  6  7  8  9 10 11 |
---------------+----------------------------------+-----
Stealth        | 4 5 7 8 9 11 13 15 17 | 17.0
Short Blades   | 2 3 4 5 7 8 9 |  9.4
Shields        | 1 2 |  2.4
Dodging        | |  1.7
Spellcasting   | |  2.1
Hexes          | |  3.6

Action                   |  1- 3 |  4- 6 |  7- 9 | 10-12 || total
-------------------------+-------+-------+-------+-------++-------
Melee: Dagger            |    98 |   210 |   511 |   341 ||  1160
 Cast: Ensorcelled Hiber |     4 |    21 |    42 |    17 ||    84
       Corona            |       |     1 |       |       ||     1
       Confuse           |       |    10 |     5 |     3 ||    18
Invok: Ancestor Identity |       |       |     2 |       ||     2
       Recall Ancestor   |       |       |       |     2 ||     2
       Ancestor Life: He |       |       |       |     1 ||     1
 Abil: Dig               |       |     1 |     9 |    10 ||    20
Evoke: Wand              |       |       |       |     6 ||     6
  Use: Scroll            |     3 |       |     9 |     6 ||    18
       Potion            |       |     3 |     5 |     2 ||    10
 Stab: Sleeping          |     6 |    18 |    24 |    17 ||    65
       Distracted        |     1 |       |     2 |     4 ||     7
       Confused          |       |     3 |     1 |     2 ||     6
       Invisible         |       |       |     5 |       ||     5
  Eat: Chunk             |     1 |    10 |    21 |    16 ||    48
Armor: Robe              |    27 |    36 |   156 |    62 ||   281
Dodge: Dodged            |    62 |    92 |   262 |   105 ||   521
Block: Buckler           |       |       |    73 |    29 ||   102

Table legend:
 A = Turns spent in this place as a percentage of turns spent in the entire game.
 B = Non-inter-level travel turns spent in this place as a percentage of non-inter-level travel turns spent in the entire game.
 C = Inter-level travel turns spent in this place as a percentage of turns spent in this place.
 D = Turns resting spent in this place as a percentage of non-inter-level travel turns spent in this place.
 E = Turns spent auto-exploring this place as a percentage of non-inter-level travel turns spent in this place.
 F = Non-inter-level travel turns spent in this place divided by the number of levels of this place that you've seen.
                   A       B       C       D       E      F
               +-------+-------+-------+-------+-------+----------------------
         Total | 100.0 | 100.0 |   0.5 |   3.7 |  11.8 | 294.8
       Dungeon |  93.8 |  93.8 |   0.5 |   3.9 |  11.7 | 332.0
        Temple |   0.6 |   0.6 |   4.8 |   0.0 |  30.0 |  20.0
         Sewer |   5.6 |   5.6 |   0.0 |   1.0 |  10.1 | 198.0
               +-------+-------+-------+-------+-------+----------------------

Table legend:
 A = Kills in this place as a percentage of kills in entire the game.
 B = Kills by you in this place as a percentage of kills by you in the entire game.
 C = Kills by friends in this place as a percentage of kills by friends in the entire game.
 D = Other kills in this place as a percentage of other kills in the entire game.
 E = Experience gained in this place as a percentage of experience gained in the entire game.
 F = Experience gained in this place divided by the number of levels of this place that you have seen.
                   A       B       C       D       E      F
               +-------+-------+-------+-------+-------+----------------------
         Total | 100.0 | 100.0 | 100.0 |  -nan | 100.0 | 885.1
       Dungeon |  83.6 |  89.3 |  64.7 |  -nan |  96.8 | 1028.5
         Sewer |  16.4 |  10.7 |  35.3 |  -nan |   3.2 | 336.0
               +-------+-------+-------+-------+-------+----------------------

Vault maps used:
D:1:      dpeg_arrival_chambers_temple_mockup, minivault_5
D:4:      serial_shops, shop, hex_large
D:5:      first_bread, gup_sewer_entry_bubbles, eino_tiny_chamber,
          uniq_prince_ribbit1
D:6:      serial_shops, nicolae_shop_waterfront
D:8:      wad_lake_hut
D:9:      grunt_ogre_cave, minivault_14, kennysheep_generic_room_3
D:10:     david_lair_generic
Temple:   nicolae_temple_the_god_donut
Sewer:    sewer_minmay_w
